AoeStats
← Fuzzy

Black Forest

513375813Analyzed
4v4 RM · 6d ago on Oct 13, 2026· 59m 53s· 8 players
Game mode
Random Map
Map size
Large (8 player)
Population
200
Speed
Normal
Resources
Standard
Victory
Conquest
Starting age
Dark Age
Ending age
Imperial Age
RankedLock teamsTeams togetherTeam positionsShared explorationLock speedFull tech treeHidden civsTurbo modeCheats
Victory
Defeat
🇨🇳 Tatars · China
1221
+33
🇩🇪 Danes · Germany
1157
+16
🇦🇺 Wei · Australia
1144
+17
🇦🇺 Ethiopians · Australia
1121
+17
vs
🇲🇾 Burgundians · Malaysia
1243
-20
🇨🇦 Turks · Canada
1188
-17
🇧🇦 Malay · Bosnia & Herzegovina
1121
-14
🇹🇷 Persians · Türkiye
1095
-13
Fuzzy
10:55 Feudal Age
11:43 Loom
14:31 Castle Age
12:28 Horse Collar
12:49 Double-Bit Axe
13:46 Stone Mining
15:43 Bow Saw
24:18 Wheelbarrow
23:54 Heavy Plow
25:48 Hand Cart
25:32 Fletching
25:42 Padded Archer Armor
27:13 Bodkin Arrow
27:33 Leather Archer Armor
27:28 Scale Mail Armor
27:36 Scale Barding Armor
27:41 Forging
28:25 Gold Mining
29:16 Stone Shaft Mining
28:46 Tuntian
29:27 Ballistics
32:21 Imperial Age
30:14 Caravan
31:11 Gold Shaft Mining
31:27 Bloodlines
31:17 Husbandry
32:06 Bodkin Arrow
32:32 Chain Barding Armor
32:48 Iron Casting
34:05 Chemistry
33:01 Town Watch
32:54 Heavy Hei Guang Cavalry
35:38 Parthian Tactics
35:39 Conscription
35:47 Ming Guang Armor
37:36 Blast Furnace
36:37 Bracer
36:53 Leather Archer Armor
36:52 Masonry
39:14 Thumb Ring
51:19 Light Cavalry
53:10 Hussar
58:21 Ring Archer Armor
58:23 Crop Rotation
牛马
10:27 Feudal Age
14:33 Castle Age
12:39 Double-Bit Axe
16:28 Bow Saw
21:36 Wheelbarrow
21:46 Horse Collar
22:23 Gold Mining
23:13 Hand Cart
23:57 Gold Shaft Mining
27:32 Scale Barding Armor
27:37 Forging
30:28 Imperial Age
30:37 Imperial Age
28:55 Chain Barding Armor
28:48 Bloodlines
28:38 Husbandry
30:41 Iron Casting
30:52 Stone Mining
31:03 Heavy Plow
30:43 Elite Steppe Lancer
32:15 Crop Rotation
31:35 Town Watch
31:35 Loom
31:35 Capped Ram
33:29 Blast Furnace
33:04 Plate Barding Armor
33:02 Siege Engineers
32:50 Siege Ram
33:53 Town Patrol
34:30 Masonry
36:04 Heavy Camel Rider
39:43 Light Cavalry
41:45 Timurid Siegecraft
41:37 Silk Armor
41:58 Conscription
42:13 Hussar
43:26 Caravan
Darth Joker2673
1:14 Loom
12:49 Feudal Age
14:42 Double-Bit Axe
17:28 Castle Age
15:15 Horse Collar
18:55 Bow Saw
20:35 Heavy Plow
21:29 Stone Mining
22:18 Fervor
24:55 Wheelbarrow
25:05 Stone Shaft Mining
24:57 Gold Mining
25:03 Gold Mining
27:08 Gold Shaft Mining
27:46 Hand Cart
31:08 Imperial Age
29:36 Ballistics
29:18 Town Watch
29:36 Scale Mail Armor
29:48 Forging
29:40 Squires
30:34 Chain Mail Armor
31:02 Caravan
31:19 Gambesons
32:13 Iron Casting
31:43 Hamask
32:44 Conscription
32:55 Siege Engineers
32:46 Elite Varangian Guard
33:16 Arson
34:30 Plate Mail Armor
35:29 Blast Furnace
34:19 Fletching
36:34 Chemistry
35:30 Murder Holes
35:45 Masonry
36:50 Northmen's Fury
38:10 Coinage
37:45 Bodkin Arrow
40:52 Hoardings
41:48 Banking
43:32 Onager
48:20 Man-at-Arms
49:32 Long Swordsman
50:04 Two-Handed Swordsman
50:38 Champion
53:19 Pikeman
54:20 Halberdier
Stophles
1:01 Loom
11:07 Feudal Age
12:49 Double-Bit Axe
15:10 Fletching
19:37 Castle Age
19:48 Crossbowman
21:55 Bodkin Arrow
27:24 Ballistics
28:37 Padded Archer Armor
28:45 Horse Collar
29:47 Thumb Ring
31:08 Leather Archer Armor
31:47 Bow Saw
32:07 Caravan
38:43 Imperial Age
38:49 Arbalester
41:23 Bracer
43:06 Chemistry
potato
2:53 Loom
14:03 Feudal Age
18:15 Castle Age
19:38 Horse Collar
26:36 Wheelbarrow
30:12 Gold Mining
30:27 Heavy Plow
35:43 Imperial Age
34:23 Padded Archer Armor
34:34 Forging
34:29 Scale Barding Armor
35:27 Husbandry
35:38 Bloodlines
36:34 Iron Casting
38:32 Caravan
39:02 Conscription
38:55 Artillery
40:49 Heavy Camel Rider
42:21 Chain Barding Armor
46:43 Ballistics
47:26 Bombard Tower
48:56 Arrowslits
48:52 Treadmill Crane
49:23 Masonry
53:43 Plate Barding Armor
1godi
12:14 Feudal Age
15:26 Castle Age
13:20 Double-Bit Axe
13:30 Horse Collar
15:30 Bow Saw
16:27 Heavy Plow
19:45 Wheelbarrow
23:41 Hand Cart
23:46 Gold Mining
23:48 Stone Mining
24:58 Loom
25:57 Gold Shaft Mining
26:26 Stone Shaft Mining
29:48 Imperial Age
27:17 Town Watch
27:39 Scale Barding Armor
29:11 Forging
28:58 Elite Battle Elephant
29:39 Husbandry
31:32 Conscription
31:59 Caravan
32:37 Crop Rotation
31:35 Elite Karambit Warrior
35:33 Iron Casting
34:52 Fletching
35:09 Siege Engineers
35:14 Masonry
34:45 Treadmill Crane
37:01 Pikeman
41:40 Blast Furnace
44:39 Coinage
45:07 Ballistics
45:47 Chemistry
45:20 Forced Levy
44:42 Man-at-Arms
45:23 Squires
45:09 Arson
46:20 Long Swordsman
46:59 Two-Handed Swordsman
47:17 Halberdier
52:40 Capped Ram
55:00 Banking
TidierCast1585
0:27 Loom
13:48 Feudal Age
18:57 Castle Age
20:00 Horse Collar
26:09 Wheelbarrow
25:46 Double-Bit Axe
29:01 Heavy Plow
29:15 Bow Saw
32:57 Kamandaran
36:44 Imperial Age
37:28 Conscription
38:56 Elite War Elephant
41:07 Scale Barding Armor
41:13 Forging
41:47 Hand Cart
41:36 Crossbowman
42:21 Thumb Ring
43:16 Chain Barding Armor
43:17 Thumb Ring
43:07 Fletching
45:13 Two-Man Saw
44:48 Bodkin Arrow
44:56 Padded Archer Armor
46:28 Iron Casting
46:59 Husbandry
47:10 Bloodlines
46:58 Town Watch
48:17 Ballistics
48:57 Chemistry
48:19 Leather Archer Armor
60:57 Plate Barding Armor
61:23 Blast Furnace
_SKY_菜刀
6:37 Double-Bit Axe
6:42 Loom
11:56 Feudal Age
10:17 Horse Collar
16:08 Castle Age
15:27 Bow Saw
15:22 Heavy Plow
16:12 Scale Barding Armor
16:19 Forging
19:31 Husbandry
19:08 Cavalier
21:09 Gold Mining
22:54 Two-Man Saw
24:43 Wheelbarrow
26:59 Fervor
29:41 Gold Shaft Mining
29:24 Hand Cart
29:47 Treadmill Crane
32:39 Imperial Age
30:12 Stone Mining
31:51 Burgundian Vineyards
32:55 Chain Barding Armor
33:11 Iron Casting
33:21 Stone Shaft Mining
32:42 Paladin
34:31 Chemistry
33:53 Ballistics
33:35 Scale Mail Armor
36:16 Blast Furnace
35:52 Plate Barding Armor
35:51 Town Watch
36:07 Fletching
39:31 Guilds
39:22 Caravan
39:53 Coinage
44:19 Banking
44:54 Light Cavalry
47:02 Conscription
46:34 Hussar
56:54 Crop Rotation
Connection lost

Rejoining the realm…

Still unreachable

The connection could not be restored.

Session expired

The server has moved on; the page needs a fresh start.